 Dungeon Crawl Stone Soup version 0.31-a0-1547-g618ab1f346 (webtiles) character file.

Game seed: 2258419011586633052

3868 Flugslaktarn the Thaumaturge (level 10, -10/63 HPs)
             Began as an Octopode Alchemist on Jan 3, 2024.
             Was a Priest of Sif Muna.
             Mangled by a red devil
             ... wielding a +0 trident
             ... summoned by a kobold demonologist
              (24 damage)
             ... on level 9 of the Dungeon.
             The game lasted 00:13:58 (4844 turns).

Flugslaktarn the Thaumaturge (Octopode Alchemist)   Turns: 4844, Time: 00:13:59

Health: -10/63     AC:  1    Str:  7    XL:     10   Next: 19%
Magic:  9/22       EV: 15    Int: 22    God:    Sif Muna [***...]
Gold:   292        SH:  0    Dex: 19    Spells: 13/26 levels left

rFire   . . .        h - +2 short sword (venom)
rCold   . . .        (no shield)
rNeg    + . .        (helmet restricted)
rPois   .            (no amulet)
rElec   .            q - ring of positive energy
rCorr   +            k - ring of resist corrosion
SInv    +            i - ring of see invisible
Will    .....        n - +6 ring of dexterity
Stlth   +++          (no ring)
HPRegen 0.30/turn    (no ring)
MPRegen 0.18/turn    (no ring)
                     (no ring)

%: no passive effects
@: spiked
A: almost no armour, amphibious, 8 rings, camouflage 1, gelatinous body 1,
(nimble swimmer 1), tentacles
a: Renounce Religion, Channel Magic, Forget Spell


You were on level 9 of the Dungeon.
You worshipped Sif Muna.
Sif Muna was most pleased with you.
You visited 2 branches of the dungeon, and saw 10 of its levels.

You collected 495 gold pieces.
You spent 203 gold pieces at shops.

Inventory:

Hand Weapons
 c - a +0 short sword
   (You took it off a kobold on level 1 of the Dungeon)
 h - a +2 short sword of venom (weapon)
   (You took it off a kobold on level 2 of the Dungeon)
 x - a +2 dagger of venom
   (You took it off an orc on level 5 of the Dungeon)
Magical Staves
 j - a staff of earth
   (You found it on level 2 of the Dungeon)
Jewellery
 f - a ring of fire
   (You found it on level 1 of the Dungeon)
 i - a ring of see invisible (on tentacle)
   (You found it on level 7 of the Dungeon)
 k - a ring of resist corrosion (right tentacle)
   (You found it on level 5 of the Dungeon)
 n - a +6 ring of dexterity (on tentacle)
   (You found it on level 8 of the Dungeon)
 q - a ring of positive energy (left tentacle)
   (You found it on level 3 of the Dungeon)
Wands
 g - a wand of digging (6)
   (You found it on level 8 of the Dungeon)
 m - a wand of light (1)
   (You found it on level 3 of the Dungeon)
Scrolls
 b - a scroll of revelation
 d - 2 scrolls of fear
 e - a scroll of brand weapon
 t - 2 scrolls of teleportation
 v - a scroll of enchant weapon {unknown}
 w - a scroll of butterflies
 y - a scroll of enchant armour {unknown}
 z - 2 scrolls of blinking
 A - a scroll of vulnerability {unknown}
Potions
 a - a potion of magic
 l - 3 potions of invisibility
 o - a potion of attraction
 p - a potion of haste {unknown}
 s - a potion of degeneration {unknown}
 u - a potion of berserk rage {unknown}


   Skills:
 - Level 4.0 Fighting
 - Level 4.0 Dodging
 - Level 2.6 Stealth
 + Level 8.5 Spellcasting
 - Level 1.0 Conjurations
 + Level 2.8 Summonings
 - Level 4.0 Fire Magic
 + Level 2.9 Ice Magic
 - Level 8.0 Alchemy
 - Level 3.0 Invocations
 - Level 2.0 Evocations


You had 13 spell levels left.
You knew the following spells:

 Your Spells              Type           Power      Damage    Failure   Level
a - Sting                 Conj/Alch      100%       1d9       1%          1
b - Olgreb's Toxic Radia  Alch           44%        N/A       2%          4
c - Apportation           Tloc           18%        N/A       7%          1
d - Sticky Flame          Fire/Alch      35%        2d7       6%          4
e - Summon Ice Beast      Ice/Summ       22%        N/A       6%          3

Your spell library contained the following spells:

 Spells                   Type           Power      Damage    Failure   Level
 Mercury Vapours          Alch/Air       54%        N/A       1%          2
 Mephitic Cloud           Conj/Alch/Air  22%        N/A       6%          3
 Momentum Strike          Conj/Tloc      22%        3d8       9%          2
 Hailstorm                Conj/Ice       18%        3d7       10%         3
 Blink                    Tloc           18%        N/A       11%         2
 Lesser Beckoning         Tloc           18%        N/A       11%         2
 Sculpt Simulacrum        Ice/Alch       16%        N/A       75%         6


Dungeon Overview and Level Annotations

Branches:
Dungeon (9/15)             Temple (1/1) D:6            Lair (0/5) D:8
    Orc: D:9-12

Altars:
Ashenzari
Dithmenos
Fedhas
Gozag
Hepliaklqana
Kikubaaqudgha
Makhleb
Nemelex Xobeh
Okawaru
Qazlal
Ru
Sif Muna
Trog
Uskayaw
Vehumet
Wu Jian
Xom
Yredelemnul
The Shining One

Shops:
D:4 ?**

Annotations:
D:4 Eustachio
D:6 1 runed translucent door, MirrMurr's ghost, novice GrBe


Innate Abilities, Weirdness & Mutations

You cannot wear most types of armour.
You are amphibious.
You can wear up to eight rings at the same time.
Your skin changes colour to match your surroundings (Stealth+).
Your rubbery body absorbs attacks. (AC +1, EV +1)
((You are camouflaged when in or above water. (Stealth+)))
You have tentacles for arms and can constrict up to eight enemies at once.


Message History

You hit the bullfrog.
The bullfrog looks even sicker.
The bullfrog is severely wounded.
You constrict the bullfrog. The bullfrog closely misses you.
A yak comes into view.
The bullfrog hits you!
The yak bellows!
You hit the bullfrog but do no damage.
The bullfrog looks as sick as possible!
The bullfrog is almost dead.
You constrict the bullfrog. The bullfrog barely misses you.
You release your grip on the bullfrog.
You kill the bullfrog!
Sif Muna accepts your kill.
The yak snorts and paws the ground.
Casting: Sting (safe; 1% risk of failure)
Confirm with . or Enter, or press ? or * to list all spells.
You begin to radiate toxic energy.
The yak is poisoned.
The yak looks even sicker.
The yak looks even sicker.
Your toxic aura wanes.
You see here a black bear corpse.
Items here: )) [ †.
Casting: Olgreb's Toxic Radiance (dangerous; 2% risk of failure)
Confirm with . or Enter, or press ? or * to list all spells.
Aiming: Sting (safe; 1% risk of failure)
Press: ? - help, Shift-Dir - straight line, f - yak
Aim: a yak (severely wounded, very poisoned, 87% to hit)
The sting hits the yak!
The yak looks even sicker.
The yak is almost dead.
You hit the yak.
You kill the yak!
Sif Muna accepts your kill.
Found 4 stones.
Found an ornate altar of the Wu Jian Council.
HP restored.
Found 17 gold pieces.
You now have 292 gold pieces (gained 17).
A wight is nearby!
Unknown command.
The wight closely misses you. The wight barely misses you.
Casting: Sting (safe; 1% risk of failure)
Confirm with . or Enter, or press ? or * to list all spells.
Aiming: Sticky Flame (dangerous; 6% risk of failure)
Press: ? - help, Shift-Dir - straight line, f - wight
Aim: a wight, wielding a +0 halberd and wearing a +0 robe The sticky flame hits the wight!
The wight is heavily damaged.
The wight burns!
You destroy the wight!
Sif Muna accepts your kill.
Things that are here:
a +0 halberd; a +0 robe
There is a stone staircase leading down here.
You climb downwards.
There is a stone staircase leading up here.
A kobold demonologist comes into view. It is wielding a +0 dagger.
Unknown command.
Casting: Sticky Flame (dangerous; 6% risk of failure)
Confirm with . or Enter, or press ? or * to list all spells.
You begin to radiate toxic energy.
The kobold demonologist shouts!
The kobold demonologist is poisoned.
The kobold demonologist looks even sicker.
The kobold demonologist gestures wildly while chanting.
The kobold demonologist looks even sicker.
The kobold demonologist gestures wildly while chanting.
The kobold demonologist looks as sick as possible!
The ufetubus is poisoned.
Your toxic aura wanes.
The ufetubus completely misses you. The ufetubus closely misses you.
The red devil hits you from afar with a +0 trident!!
Barbed spikes become lodged in your body.
The kobold demonologist casts a spell.
Casting: Olgreb's Toxic Radiance (dangerous; 2% risk of failure)
Confirm with . or Enter, or press ? or * to list all spells.
Aiming: Sticky Flame (dangerous; 6% risk of failure)
Press: ? - help, Shift-Dir - straight line, f - ufetubus
Aim: an ufetubus (lightly wounded, summoned, expiring, poisoned)
The sticky flame hits the ufetubus!
The ufetubus is burned terribly!
The ufetubus is almost dead.
You kill the ufetubus!
The ufetubus disappears in a puff of smoke!
The white imp gestures at you. The puff of frost misses you.
The red devil hits you from afar with a +0 trident!
Barbed spikes become lodged in your body.
The kobold demonologist hits you with a +0 dagger.
Casting: Sticky Flame (dangerous; 6% risk of failure)
Confirm with . or Enter, or press ? or * to list all spells.
Aiming: Sticky Flame (dangerous; 6% risk of failure)
Press: ? - help, Shift-Dir - straight line, f - kobold demonologist
Aim: a kobold demonologist, wielding a +0 dagger and wearing a +0 robe (moderately wounded, extremely poisoned)
The sticky flame hits the kobold demonologist.
The kobold demonologist is heavily wounded.
The kobold demonologist burns!
The white imp gestures at you. The puff of frost hits you!
* * * LOW HITPOINT WARNING * * *
The red devil hits you from afar with a +0 trident!!
You die...

#. #. # #.
#.#.###
554.# #K5#
#§@# #..#
#..#
...######..#
#......<...#
....######.#
# #.# ..# ##


You could see a kobold demonologist (burning, extremely poisoned), a red devil
(summoned), 2 white imps and a shadow imp (summoned).

Vanquished Creatures
  A hornet (D:7)
  Grinder (D:6)
  A wyvern (D:8)
  3 yaks
  Menkaure (D:4)
  2 water moccasins
  2 sky beasts (D:7)
  An ice beast (D:6)
  2 black bears (D:8)
  An ogre (D:5)
  A centaur (D:5)
  A kobold brigand (D:6)
  Blork the orc (D:5)
  8 bullfrogs
  3 scorpions
  2 wights (D:8)
  A killer bee (D:7)
  A howler monkey (D:7)
  2 hounds
  A bombardier beetle (D:5)
  An orc priest (D:8)
  A gnoll bouda (D:5)
  2 sleepcaps (D:5)
  5 iguanas
  Terence (D:3)
  Natasha (D:2)
  10 orc wizards
  Robin (D:3)
  5 gnolls
  8 adders
  2 river rats (D:3)
  2 white imps
  2 dart slugs (D:4)
  7 ribbon worms
  41 orcs
  9 ball pythons
  5 endoplasms
  A giant cockroach (D:3)
  13 goblins
  4 hobgoblins
  12 kobolds
  5 quokkas
  5 bats
  2 rats
181 creatures vanquished.

Vanquished Creatures (collateral kills)
  A nameless horror (D:8)
1 creature vanquished.

Grand Total: 182 creatures vanquished

Notes
Turn   | Place    | Note
-------+----------+-------------------------------------------
     0 | D:1      | Flugslaktarn the Octopode Alchemist began the quest for the
                  | Orb.
     0 | D:1      | Reached XP level 1. HP: 11/11 MP: 3/3
   122 | D:1      | Reached XP level 2. HP: 17/17 MP: 3/5
   180 | D:1      | Found a faded altar of an unknown god.
   424 | D:2      | Reached XP level 3. HP: 18/21 MP: 3/6
   749 | D:2      | Noticed Natasha
   757 | D:2      | Killed Natasha
   758 | D:2      | Reached XP level 4. HP: 22/27 MP: 3/8
   826 | D:3      | Reached skill level 5 in Alchemy
   843 | D:3      | Noticed Terence
   854 | D:3      | Killed Terence
   855 | D:3      | Reached XP level 5. HP: 15/31 MP: 4/9
  1046 | D:4      | Found Rumul's Magic Scroll Emporium.
  1098 | D:3      | Noticed Robin
  1134 | D:3      | Killed Robin
  1447 | D:3      | Found a shimmering blue altar of Sif Muna.
  1464 | D:3      | Got Sif Muna's Codex of the Blink Frog
  1466 | D:3      | Became a worshipper of Sif Muna the Loreminder
  1473 | D:3      | Learned a level 4 spell: Olgreb's Toxic Radiance
  1475 | D:3      | Learned a level 1 spell: Apportation
  1479 | D:3      | Found a bloodstained altar of Trog.
  1782 | D:3      | Reached XP level 6. HP: 22/36 MP: 2/11
  2009 | D:4      | Bought a scroll of blinking for 75 gold pieces
  2009 | D:4      | Bought a scroll of fear for 40 gold pieces
  2030 | D:4      | Noticed Menkaure
  2032 | D:4      | Killed Menkaure
  2140 | D:4      | Noticed Eustachio
  2205 | D:4      | Found Echuph's General Store.
  2213 | D:4      | Bought a scroll of teleportation for 33 gold pieces
  2234 | D:4      | Reached XP level 7. HP: 27/41 MP: 5/13
  2239 | D:4      | Found Qyosek's Assorted Antiques.
  2244 | D:4      | Reached * piety under Sif Muna
  2267 | D:4      | Bought a scroll labelled QIASEEPSUE for 29 gold pieces
  2267 | D:4      | Bought a brown potion for 26 gold pieces
  2403 | D:5      | Entered Level 5 of the Dungeon
  2455 | D:5      | Reached skill level 1 in Invocations
  2498 | D:5      | Reached skill level 1 in Fighting
  2690 | D:5      | Reached XP level 8. HP: 14/50 MP: 5/15
  2748 | D:5      | Reached skill level 5 in Spellcasting
  2758 | D:5      | Noticed Blork the orc
  2767 | D:5      | Killed Blork the orc
  2773 | D:5      | Learned a level 4 spell: Sticky Flame
  2892 | D:6      | Noticed Grinder
  2926 | D:5      | Reached ** piety under Sif Muna
  3009 | D:6      | Reached skill level 1 in Fire Magic
  3016 | D:6      | Paralysed by Grinder for 2 turns
  3064 | D:6      | Paralysed by Grinder for 4 turns
  3065 | D:6      | Killed Grinder
  3122 | D:6      | Found a staircase to the Ecumenical Temple.
  3124 | D:6      | Noticed a yak
  3124 | D:6      | Noticed a yak
  3126 | D:6      | Noticed a yak
  3127 | D:6      | Noticed a yak
  3144 | D:6      | Killed a yak
  3148 | D:6      | Killed a yak
  3149 | D:6      | Reached XP level 9. HP: 26/56 MP: 2/18
  3193 | Temple   | Entered the Ecumenical Temple
  3500 | D:6      | Found a runed translucent door.
  3501 | D:6      | Found a shimmering altar of Xom.
  3501 | D:6      | Noticed a +2 falchion of chaos
  3501 | D:6      | Noticed MirrMurr's ghost (novice GrBe)
  3748 | D:7      | Noticed a hornet
  3753 | D:7      | Killed a hornet
  4049 | D:7      | Reached *** piety under Sif Muna
  4198 | D:7      | Learned a level 3 spell: Summon Ice Beast
  4250 | D:7      | Found a shadowy altar of Dithmenos.
  4561 | D:8      | Reached skill level 1 in Summonings
  4561 | D:8      | Reached skill level 1 in Ice Magic
  4569 | D:8      | Reached XP level 10. HP: 62/63 MP: 10/22
  4701 | D:8      | Found a staircase to the Lair.
  4757 | D:8      | Found an ornate altar of the Wu Jian Council.
  4837 | D:9      | Noticed a kobold demonologist
  4844 | D:9      | Mangled by a red devil

Illustrated notes

Levels and vault maps discovered:
D:1:      dpeg_arrival_tiny_b, layout_basic,
          shapermc_ecumenical_altar_rom_forum, hangedman_feature_mirror,
          minmay_octomino_j4
D:2:      layout_basic, uniq_sigmund, uniq_natasha
D:3:      layout_basic, nzn_overflow_gifts_of_might_and_magic,
          gup_sewer_entry_spiral, uniq_robin, uniq_terence
D:4:      layout_rooms, serial_shops, shop, shop, nicolae_shop_tiny_glass,
          interstate_on_off, nicolae_wormholes, uniq_eustachio, uniq_menkaure
D:5:      layout_layer_cave, serial_shops, nicolae_shop_waterfront,
          uniq_blork_the_orc
D:6:      layout_basic, minmay_temple_entry_crystal_x, serial_shops, shop,
          ebering_ghost_xom, uniq_grinder
D:7:      nzn_winding_woodlands_three_and_one
          [nzn_winding_woodlands_5x15_zeroes,
          nzn_winding_woodlands_5x15_lazy_stream,
          nzn_winding_woodlands_5x15_concentric,
          nzn_winding_woodlands_center_garden], layout_cave_pods,
          grunt_dithmenos_smoke
D:8:      layout_basic, pdpol_wu_jian_five_deadly_venoms,
          grunt_temple_overflow_open, due_lair_maze_entry_diamond
D:9:      layout_loops_ring, mainiacjoe_overflow_alcove_4
Temple:   hellmonk_temple_two_chambers

Skill      XL: |  1  2  3  4  5  6  7  8  9 10 |
---------------+-------------------------------+-----
Alchemy        | 4 5 6 7 8 |  8.0
Spellcasting   | 3 4 6 8 |  8.5
Invocations    | 2 3 |  3.0
Fighting       | 1 3 4 |  4.0
Evocations     | 2 |  2.0
Fire Magic     | 3 4 |  4.0
Dodging        | 4 |  4.0
Summonings     | 1 2 |  2.8
Ice Magic      | 1 2 |  2.9
Stealth        | |  2.6
Conjurations   | |  1.0

Action                     |  1- 3 |  4- 6 |  7- 9 | 10-12 || total
---------------------------+-------+-------+-------+-------++-------
  Melee: Constrict         |     7 |    15 |    23 |     3 ||    48
         Unarmed           |     2 |       |       |       ||     2
         Short sword       |    20 |    61 |    88 |     9 ||   178
         Tentacles         |     9 |    11 |    14 |     4 ||    38
         Punch             |     1 |       |     3 |       ||     4
   Cast: Sting             |    30 |    62 |    71 |     4 ||   167
         Olgreb's Toxic Ra |       |     3 |    39 |     4 ||    46
         Sticky Flame      |       |       |     1 |     6 ||     7
         Summon Ice Beast  |       |       |       |     1 ||     1
  Evoke: Wand              |       |     3 |     5 |       ||     8
    Use: Scroll            |       |     4 |     3 |       ||     7
         Potion            |       |     5 |     3 |       ||     8
   Stab: Sleeping          |       |       |     1 |       ||     1
         Invisible         |       |       |     2 |       ||     2
 Armour: Skin              |    16 |    53 |    71 |    15 ||   155
  Dodge: Dodged            |    23 |    54 |    91 |    18 ||   186

Table legend: (Time is in decaauts)
 A = Elapsed time spent in this place.
 B = Non-inter-level travel time spent in this place.
 C = Inter-level travel time spent in this place.
 D = Time resting spent in this place.
 E = Time spent auto-exploring this place.
 F = Levels seen in this place.
 G = Mean time per level.
                   A        B        C        D        E       F      G
               +--------+--------+--------+--------+--------+-----+--------+
         Total |   4843 |   4566 |    277 |    293 |   2381 |  10 |  484.3 |
       Dungeon |   4567 |   4290 |    277 |     28 |   2381 |   9 |  507.4 |
        Temple |    276 |    276 |      0 |    265 |      0 |   1 |  276.0 |
               +--------+--------+--------+--------+--------+-----+--------+

Top non-repeatable levels by time:
     D:3: 1268 daAuts
     D:7: 717 daAuts
     D:5: 588 daAuts
     D:8: 429 daAuts
     D:6: 420 daAuts
     D:1: 411 daAuts
     D:4: 362 daAuts
     D:2: 360 daAuts
  Temple: 276 daAuts
     D:9: 7 daAuts
